 Dungeon Crawl Stone Soup version 0.22-a0-224-g8cf3520 (console) character file.

42838 Duffy the Eclecticist (level 13, -6/82 HPs)
             Began as a Deep Elf Fire Elementalist on Feb 19, 2018.
             Was a High Priest of Vehumet.
             Killed from afar by an orc (10 damage)
             ... with an exploding inner flame
             ... hexed by the player character
             ... on level 1 of the Orcish Mines.
             The game lasted 00:40:54 (24070 turns).

Duffy the Eclecticist (Deep Elf Fire Elementalist) Turns: 24070, Time: 00:40:54

Health: -6/82      AC: 13    Str:  8    XL:     13   Next: 87%
Magic:  27/35      EV: 22    Int: 26    God:    Vehumet [*****.]
Gold:   1084       SH:  0    Dex: 20    Spells: 22/45 levels left

rFire    + + .     SeeInvis +   B - +1 blowgun
rCold    x . .     Gourm    .   (no shield)
rNeg     . . .     Faith    .   F - +1 ring mail of Poor Excuses {Regen+}
rPois    .         Spirit   .   T - +2 helmet {SInv}
rElec    .         Reflect  .   C - +0 cloak
rCorr    .         Harm     .   O - +1 pair of gloves {Str+3}
MR       +....                  R - +0 pair of boots {Fly}
Stlth    +++.......             N - amulet of regeneration
HPRegen  1.03/turn              h - ring of fire
MPRegen  0.24/turn              p - ring of protection from fire

@: agile, flying
A: no striking features
a: Renounce Religion, Stop Flying


You were on level 1 of the Orcish Mines.
You worshipped Vehumet.
Vehumet was extremely pleased with you.
You were not hungry.

You visited 4 branches of the dungeon, and saw 19 of its levels.

You collected 1084 gold pieces.

Inventory:

Hand Weapons
 d - a +2 short sword of protection
 m - a +0 scythe of draining
 B - a +1 blowgun (weapon)
Missiles
 D - 6 curare-tipped needles (quivered)
 G - a throwing net
Armour
 C - a +0 cloak (worn)
 F - the +1 ring mail of Poor Excuses (worn) {Regen+}
   (You found it on level 11 of the Dungeon)

   It increases your rate of regeneration.
 O - a +1 pair of gloves of strength (worn)
 R - a +0 pair of boots of flying (worn)
 T - a +2 helmet of see invisible (worn)
Magical Staves
 L - an uncursed staff of cold
Jewellery
 h - a ring of fire (left hand)
 i - an uncursed ring of resist corrosion
 n - an uncursed ring of poison resistance
 p - a ring of protection from fire (right hand)
 t - an uncursed ring of protection from magic
 N - an amulet of regeneration (around neck)
 P - a +5 ring of intelligence
Wands
 s - a wand of polymorph (22)
 w - a wand of flame (3)
 A - a wand of digging (29)
 I - a wand of random effects (30)
 M - a wand of iceblast (15)
Scrolls
 a - 4 scrolls of remove curse
 f - 2 scrolls of teleportation
 j - a scroll of fog
 l - a scroll of amnesia
 q - 2 scrolls of magic mapping
 y - 3 scrolls of immolation
 E - 2 scrolls of blinking
 U - 2 scrolls of enchant armour
Potions
 c - 3 potions of lignification
 e - 7 potions of heal wounds
 g - 6 potions of curing
 k - a potion of haste
 r - a potion of cancellation
 u - 2 potions of ambrosia
 v - 2 potions of flight
 x - 3 potions of mutation
 z - a potion of agility
 H - a potion of invisibility
 J - 3 potions of brilliance
 Q - a potion of magic
 S - a potion of berserk rage {unknown}
Miscellaneous
 o - a box of beasts
 K - a phantom mirror
Comestibles
 b - 29 rations
 V - 11 chunks of flesh


   Skills:
 - Level 10.0 Fighting
 - Level 11.0 Dodging
 - Level 2.4 Stealth
 + Level 16.6 Spellcasting
 - Level 10.0 Conjurations
 - Level 4.1 Charms
 - Level 4.1 Necromancy
 + Level 1.1 Translocations
 - Level 10.0 Fire Magic
 - Level 3.0 Earth Magic
 + Level 3.5 Evocations


You had 22 spell levels left.
You knew the following spells:

 Your Spells              Type           Power        Failure   Level  Hunger
a - Throw Flame           Conj/Fire      ######       1%          2    None
h - Stone Arrow           Conj/Erth      ######       1%          3    None
j - Sticky Flame          Conj/Fire      #######.     1%          4    None
k - Fireball              Conj/Fire      #######...   1%          5    None
l - Conjure Flame         Conj/Fire      #######.     1%          3    None
s - Flame Tongue          Conj/Fire      #####        1%          1    None
y - Regeneration          Chrm/Necr      #####.....   4%          3    None
B - Blink                 Tloc           N/A          7%          2    None


Dungeon Overview and Level Annotations

Branches:
Dungeon (11/15)            Temple (1/1) D:6            Lair (6/6) D:11
 Shoals (0/4) Lair:3        Snake (0/4) Lair:4        Slime (0/5) Lair:5
    Orc (1/2) D:10

Altars:
Ashenzari
Cheibriados
Dithmenos
Elyvilon
Fedhas
Gozag
Hepliaklqana
Kikubaaqudgha
Makhleb
Nemelex Xobeh
Okawaru
Qazlal
Ru
Sif Muna
Trog
Uskayaw
Vehumet
Wu Jian
Xom
Yredelemnul
Zin
The Shining One

Shops:
D:5 }

Annotations:
Lair:4 exclusion: oklob plant


Message History

The fiery explosion engulfs the orc warrior.
The orc warrior explodes!
The fiery explosion engulfs you! You resist. Vehumet accepts your kill.
You feel your power returning.
Your Translocations skill increases to level 1!
The fiery explosion engulfs the orc.
The orc explodes!
The fiery explosion engulfs you! You resist.
The fiery explosion engulfs the orc warrior.
The orc warrior explodes!
The fiery explosion engulfs you! You resist.
The fiery explosion engulfs the orc wizard.
The orc wizard explodes!
The fiery explosion engulfs you! You resist. Vehumet accepts your kill. x2
You feel your power returning. Vehumet accepts your kill.
You feel your power returning. The fiery explosion engulfs you! You resist.
You die...

#).[.......o.
#....>...$.).
o##.$..........
[o.o).000o.....
#...00000...$.
~#..000000.....
~...000000....$
~...000@00..#
~....0000#.##
~##..0000#
###.#.## #.###
.. .. #.#


You could see an orc high priest (inner flame), an orc warrior (inner flame), 2
orc wizards and an orc (inner flame).

Vanquished Creatures
  7 dire elephants (Lair:6)
  Erolcha (D:9)
  8 hydras
  A catoblepas (Lair:6)
  2 two-headed ogres
  Erica (D:8)
  An anaconda (Lair:6)
  Nergalle (D:11)
  2 black mambas
  4 elephants (Lair:6)
  7 spiny frogs
  A torpor snail (Lair:6)
  7 komodo dragons
  6 rime drakes
  The ghost of anet the Magician, a novice DEWz (D:5)
  A troll (D:10)
  A queen bee (D:9)
  A polar bear (Lair:6)
  A hornet (D:11)
  13 blink frogs
  9 hippogriffs
  25 yaks
  A spriggan (Lair:6)
  Sigmund (D:4)
  A wraith (D:10)
  Eustachio (D:6)
  2 basilisks
  A warg (Orc:1)
  Menkaure (D:4)
  11 water moccasins
  11 porcupines
  7 orc warriors
  3 ice beasts
  3 sky beasts
  2 necrophages
  A phantom (D:11)
  3 ogres
  3 centaurs
  11 wolves (Lair:2)
  13 crocodiles
  2 big kobolds
  9 bullfrogs
  3 scorpions
  20 killer bees
  4 wights (D:8)
  2 electric eels (Lair:4)
  A howler monkey (D:7)
  A bullfrog zombie (D:9)
  3 crimson imps
  A centaur zombie (D:7)
  A jelly (Lair:5)
  2 hounds
  11 orc priests
  6 orc wizards
  2 centaur skeletons
  4 worker ants
  4 iguanas
  2 hell rats (Lair:3)
  Robin (D:4)
  2 hound skeletons
  A howler monkey zombie (D:11)
  A worker ant zombie (D:6)
  3 gnolls (D:7)
  9 adders
  11 river rats (Lair:3)
  2 shadow imps
  4 oozes
  2 adder skeletons
  A worm (D:2)
  2 dart slugs
  4 leopard geckos
  34 orcs
  A ball python (D:3)
  5 bats
  7 giant cockroaches
  9 goblins
  7 hobgoblins
  11 jackals
  19 kobolds
  7 quokkas
  3 frilled lizards
  A quokka skeleton (D:6)
  7 rats
  2 plants (Lair:6)
411 creatures vanquished.

Vanquished Creatures (others)
  A spiny frog (Lair:5)
  A fire vortex (D:8)
  3 fungi
  7 plants
12 creatures vanquished.

Grand Total: 423 creatures vanquished

Notes
Turn   | Place    | Note
-------+----------+-------------------------------------------
     0 | D:1      | Duffy the Deep Elf Fire Elementalist began the quest for the Orb.
     0 | D:1      | Reached XP level 1. HP: 10/10 MP: 6/6
   269 | D:1      | Reached XP level 2. HP: 12/15 MP: 0/8
   345 | D:1      | Learned a level 2 spell: Throw Flame
   784 | D:1      | Reached XP level 3. HP: 19/19 MP: 5/9
   792 | D:1      | Learned a level 3 spell: Conjure Flame
  2188 | D:3      | Reached XP level 4. HP: 24/24 MP: 3/11
  2933 | D:4      | Reached XP level 5. HP: 28/28 MP: 10/12
  3053 | D:4      | Noticed Menkaure
  3058 | D:4      | Killed Menkaure
  3058 | D:4      | Reached skill level 4 in Spellcasting
  3359 | D:4      | Learned a level 4 spell: Sticky Flame
  3379 | D:4      | Reached XP level 6. HP: 32/32 MP: 8/14
  3494 | D:4      | Noticed Sigmund
  3522 | D:4      | Killed Sigmund
  3522 | D:4      | Reached skill level 5 in Conjurations
  3522 | D:4      | Reached skill level 5 in Fire Magic
  3733 | D:4      | Found a shadowy altar of Dithmenos.
  3733 | D:4      | Found a glowing golden altar of the Shining One.
  3833 | D:4      | Noticed Robin
  3838 | D:4      | Killed Robin
  3972 | D:4      | Reached skill level 1 in Fighting
  3972 | D:4      | Reached XP level 7. HP: 38/38 MP: 13/16
  3982 | D:4      | Found an ornate altar of the Wu Jian Council.
  3995 | D:4      | You fall through a shaft!
  3995 | D:5      | Entered Level 5 of the Dungeon
  4264 | D:5      | Found Cuxikh's Gadget Emporium.
  4436 | D:5      | Found a hide-covered altar of Uskayaw.
  4681 | D:5      | Reached skill level 5 in Dodging
  4714 | D:5      | Noticed anet's ghost (novice DEWz)
  4774 | D:5      | Killed anet's ghost
  4774 | D:5      | Reached XP level 8. HP: 37/46 MP: 3/17
  5472 | D:6      | Learned a level 5 spell: Fireball
  5546 | D:6      | Noticed Eustachio
  5558 | D:6      | Killed Eustachio
  5775 | D:6      | Found a staircase to the Ecumenical Temple.
  5784 | Temple   | Entered the Ecumenical Temple
  5957 | Temple   | Became a worshipper of Vehumet
  6388 | D:7      | Reached skill level 5 in Fighting
  6450 | D:7      | Reached skill level 5 in Spellcasting
  6914 | D:7      | Found an opulent altar of Gozag.
  6926 | D:7      | Noticed a hippogriff
  6936 | D:7      | Killed a hippogriff
  6936 | D:7      | Reached skill level 6 in Spellcasting
  7091 | D:7      | Learned a level 3 spell: Regeneration
  7303 | D:7      | Reached XP level 9. HP: 54/54 MP: 9/20
  7312 | D:7      | Reached skill level 1 in Charms
  7313 | D:7      | Reached skill level 1 in Necromancy
  7511 | D:7      | Reached * piety under Vehumet
  7511 | D:7      | Offered knowledge of Sting by Vehumet.
  7872 | D:8      | Noticed a two-headed ogre
  7892 | D:8      | Killed a two-headed ogre
  7892 | D:8      | Reached skill level 7 in Spellcasting
  8442 | D:8      | Noticed Erica
  8858 | D:8      | Killed Erica
  8858 | D:8      | Reached skill level 8 in Spellcasting
  8858 | D:8      | Reached XP level 10. HP: 59/59 MP: 10/24
  9164 | D:9      | Noticed Erolcha
  9274 | D:9      | Killed Erolcha
  9274 | D:9      | Reached skill level 9 in Spellcasting
  9560 | D:9      | Found a glowing silver altar of Zin.
  9721 | D:9      | Offered knowledge of Shock by Vehumet.
  9722 | D:9      | Reached ** piety under Vehumet
 10827 | D:10     | Entered Level 10 of the Dungeon
 11086 | D:10     | Reached skill level 10 in Spellcasting
 11262 | D:10     | Found a staircase to the Orcish Mines.
 11729 | D:11     | Paralysed by a hornet for 3 turns
 12133 | D:11     | Noticed a two-headed ogre
 12137 | D:11     | Killed a two-headed ogre
 12137 | D:11     | Reached XP level 11. HP: 63/63 MP: 6/27
 12140 | D:11     | Noticed Sonja
 12156 | D:11     | Noticed Sonja
 12156 | D:11     | Sonja changed into Sonja the crocodile
 12157 | D:11     | Killed Sonja the crocodile
 12452 | D:11     | Noticed Nergalle
 12455 | D:11     | Killed Nergalle
 12455 | D:11     | Reached skill level 10 in Conjurations
 12455 | D:11     | Reached skill level 10 in Fire Magic
 12870 | D:11     | Got an encrusted ring mail
 12881 | D:11     | Identified the +1 ring mail of Poor Excuses {Regen+} (You found it on level 11 of the Dungeon)
 12978 | D:11     | Found a staircase to the Lair.
 13011 | D:11     | Reached skill level 11 in Spellcasting
 13058 | Lair:1   | Entered Level 1 of the Lair of Beasts
 13085 | Lair:1   | Offered knowledge of Stone Arrow by Vehumet.
 13116 | Lair:1   | Learned a level 3 spell: Stone Arrow
 13618 | Lair:1   | Reached skill level 1 in Earth Magic
 14201 | Lair:1   | Reached skill level 12 in Spellcasting
 14909 | Lair:2   | Noticed a five-headed hydra
 15200 | Lair:2   | Killed a five-headed hydra
 15345 | Lair:2   | Reached *** piety under Vehumet
 15351 | Lair:2   | Reached XP level 12. HP: 63/71 MP: 14/30
 15786 | Lair:2   | Offered knowledge of Dazzling Spray by Vehumet.
 16299 | Lair:3   | Noticed an eight-headed hydra
 16302 | Lair:3   | Killed an eight-headed hydra
 16439 | Lair:3   | Found a staircase to the Shoals.
 16480 | Lair:3   | Reached skill level 13 in Spellcasting
 17272 | Lair:3   | Reached **** piety under Vehumet
 17724 | Lair:4   | Noticed a seven-headed hydra
 17731 | Lair:4   | Killed a seven-headed hydra
 17900 | Lair:4   | Noticed a five-headed hydra
 17903 | Lair:4   | Killed a five-headed hydra
 17903 | Lair:4   | Reached skill level 10 in Dodging
 18649 | Lair:4   | Found a staircase to the Snake Pit.
 19025 | Lair:4   | Noticed a five-headed hydra
 19049 | Lair:4   | Killed a five-headed hydra
 19049 | Lair:4   | Reached skill level 14 in Spellcasting
 19846 | Lair:5   | Offered knowledge of Mephitic Cloud by Vehumet.
 20434 | Lair:5   | Found a staircase to the Slime Pits.
 20460 | Lair:5   | Reached XP level 13. HP: 79/79 MP: 20/33
 20881 | Lair:6   | Entered Level 6 of the Lair of Beasts
 21187 | Lair:6   | Identified a scroll of acquirement
 21353 | Lair:6   | Reached skill level 15 in Spellcasting
 21659 | Lair:6   | Noticed a dire elephant
 21862 | Lair:6   | Killed a dire elephant
 22612 | Lair:6   | Noticed a dire elephant
 22617 | Lair:6   | Killed a dire elephant
 22717 | Lair:6   | Noticed a dire elephant
 22723 | Lair:6   | Killed a dire elephant
 22728 | Lair:6   | Noticed a dire elephant
 22738 | Lair:6   | Killed a dire elephant
 22738 | Lair:6   | Reached skill level 16 in Spellcasting
 22739 | Lair:6   | Noticed a dire elephant
 22882 | Lair:6   | Killed a dire elephant
 22882 | Lair:6   | Reached skill level 10 in Fighting
 23022 | Lair:6   | Reached skill level 1 in Evocations
 23173 | Lair:6   | Noticed a dire elephant
 23173 | Lair:6   | Noticed a dire elephant
 23235 | Lair:6   | Killed a dire elephant
 23299 | Lair:6   | Killed a dire elephant
 23436 | Lair:6   | Learned a level 2 spell: Blink
 23666 | Orc:1    | Entered Level 1 of the Orcish Mines
 23770 | Orc:1    | Reached ***** piety under Vehumet
 24001 | D:10     | Offered knowledge of Airstrike by Vehumet.
 24070 | Orc:1    | Reached skill level 1 in Translocations
 24070 | Orc:1    | HP: 4/82 [orc wizard/exploding inner flame[the player character] (6)]
 24070 | Orc:1    | Killed from afar by an orc

Vault maps used:
D:1:      roderic_crop_circles_arrival_small
D:4:      lemuel_coloured_pillars_altar, gammafunk_temple_overflow_elements,
          uniq_menkaure, uniq_sigmund, uniq_robin
D:5:      kennysheep_mini, serial_glass, glass_columns_a, glass_columns_a,
          glass_columns_c, glass_columns_b, item_on_display_a, first_ration,
          serial_shops, nicolae_shop_statue_plus, grunt_decor_resistance,
          kennysheep_generic_room_4
D:6:      temple_hall, uniq_eustachio
D:7:      kennysheep_mini_moat
D:8:      uniq_erica
D:9:      lemuel_round_altar, david_nohive_1, st_stairs_12, uniq_erolcha
D:10:     orc_0_dummy, grunt_decor_mini_mirrors
D:11:     david_lair_shrubbed, uniq_sonja, uniq_nergalle
Temple:   regret_index_temple_sphere_string
Lair:2:   infiniplex_staircase_pool_2, grunt_megastairs_2
Lair:3:   minmay_shoals_entry_centaurs, nicolae_quartered_pool_little,
          st_stairs_6, kennysheep_rathole
Lair:4:   dummy_snake_entry, serial_bayou_ford_a, minmay_lair_oklob_bushes,
          cheibrodos_lair_caveside_slide, serial_bayou_lagoon_b
Lair:5:   nicolae_slime_entry_slimehenge, lemuel_fruit_tree, grunt_megastairs_3
Lair:6:   due_jungle_book, grunt_forest_large_clearing_hut
Orc:1:    minmay_orc_keep

Skill      XL: |  1  2  3  4  5  6  7  8  9 10 11 12 13 |
---------------+----------------------------------------+-----
Conjurations   | 2 3 4 5 6 7 9 10 | 10.0
Fire Magic     | 4 5 6 7 9 10 | 10.0
Spellcasting   | 4 6 8 10 12 14 16 | 16.6
Fighting       | 1 3 5 6 8 10 | 10.0
Dodging        | 3 5 6 8 11 | 11.0
Charms         | 4 |  4.1
Necromancy     | 4 |  4.1
Earth Magic    | 3 |  3.0
Evocations     | 3 |  3.5
Translocations | 1 |  1.1
Stealth        | |  2.4

Action                   |  1- 3 |  4- 6 |  7- 9 | 10-12 | 13-15 || total
-------------------------+-------+-------+-------+-------+-------++-------
Melee: Unarmed           |     1 |       |    12 |       |       ||    13
       Short sword       |     9 |       |    62 |    27 |       ||    98
       Scythe            |       |       |    11 |    23 |    34 ||    68
 Fire: Blowgun           |       |       |       |       |     8 ||     8
 Cast: Flame Tongue      |    64 |    79 |   209 |   101 |       ||   453
       Sticky Flame      |       |     2 |    11 |    55 |    12 ||    80
       Conjure Flame     |       |     1 |    12 |    12 |       ||    25
       Fireball          |       |       |     1 |    77 |    75 ||   153
       Throw Flame       |       |       |       |   216 |    48 ||   264
       Stone Arrow       |       |       |       |     6 |    16 ||    22
       Regeneration      |       |       |       |     4 |       ||     4
       Blink             |       |       |       |       |     4 ||     4
Evoke: Wand              |       |       |       |    27 |     4 ||    31
  Use: Scroll            |     5 |       |     6 |    16 |     6 ||    33
       Potion            |       |       |     3 |     4 |     1 ||     8
  Eat: Chunk             |     3 |     6 |     6 |    17 |     8 ||    40
       Ration            |       |       |     4 |     7 |     1 ||    12
Armor: Robe              |     8 |     4 |       |       |       ||    12
       Animal skin       |       |       |    21 |     9 |       ||    30
       Skin              |       |       |    21 |    93 |       ||   114
       Ring mail         |       |       |       |    16 |     9 ||    25
Dodge: Dodged            |    40 |    13 |    90 |   172 |    43 ||   358

Table legend:
 A = Spawn XP
 B = Non-spawn XP
 C = Spawn XP percentage of total XP
 D = Spawn monster count
 E = Non-spawn monster count
 F = Spawn count percentage of total count
 G = Total turns spent on level
                    A         B        C        D         E        F      G
               +---------+---------+-------+---------+---------+-------+---------
         Total |       0 |   61198 |   0.0 |       0 |     409 |   0.0 | 24070
               +---------+---------+-------+---------+---------+-------+---------
           D:1 |       0 |      44 |   0.0 |       0 |      25 |   0.0 |   982
           D:2 |       0 |      25 |   0.0 |       0 |      10 |   0.0 |  1026
           D:3 |       0 |     125 |   0.0 |       0 |      27 |   0.0 |   924
           D:4 |       0 |     552 |   0.0 |       0 |      28 |   0.0 |  1063
           D:5 |       0 |     834 |   0.0 |       0 |      13 |   0.0 |  1203
           D:6 |       0 |     376 |   0.0 |       0 |      15 |   0.0 |   882
           D:7 |       0 |    1298 |   0.0 |       0 |      26 |   0.0 |  1332
           D:8 |       0 |    2437 |   0.0 |       0 |      20 |   0.0 |  1363
           D:9 |       0 |    3158 |   0.0 |       0 |      32 |   0.0 |  1889
          D:10 |       0 |    1593 |   0.0 |       0 |      19 |   0.0 |  1399
          D:11 |       0 |    3545 |   0.0 |       0 |      17 |   0.0 |  1160
        Temple |       0 |      46 |   0.0 |       0 |       1 |   0.0 |   302
        Lair:1 |       0 |    5643 |   0.0 |       0 |      24 |   0.0 |  2017
        Lair:2 |       0 |    4879 |   0.0 |       0 |      27 |   0.0 |  1223
        Lair:3 |       0 |    3624 |   0.0 |       0 |      28 |   0.0 |  1434
        Lair:4 |       0 |    7065 |   0.0 |       0 |      24 |   0.0 |  1990
        Lair:5 |       0 |    4442 |   0.0 |       0 |      21 |   0.0 |  1520
        Lair:6 |       0 |   20505 |   0.0 |       0 |      36 |   0.0 |  2327
         Orc:1 |       0 |    1007 |   0.0 |       0 |      16 |   0.0 |    34
               +---------+---------+-------+---------+---------+-------+---------
